Map: [ESL] Cosmic Sapphire

Players

Cham

  • Race: Zerg Zerg
  • Spawn Location: 11:00

Creator - Winner!

  • Race: Protoss Protoss
  • Spawn Location: 5:00

Event: DreamHack SC2 Masters 2022 Atlanta (Offline)

VOD

Have the link to the VOD?

Description

Time

  • Played on: Nov. 18, 2022, 5:48 p.m.
  • Length: 10:05

All games in this series

Show
View Real Time Build Order
Export as new Build Order

Cham Zerg 

Build Orders: Hatch First 

Get SALT Encoding   

  12  0:00  Drone  
  13  0:12  Overlord  
  13  0:18  Drone  
  14  0:31  Drone x2  
  16  0:48  Hatchery  
  15  0:51  Drone  
  15  0:56  Drone  
  17  0:59  Drone  
  18  1:12  Spawning Pool  
  18  1:15  Extractor  
  18  1:17  Drone  
  17  1:20  Drone  
  18  1:27  Drone  
  20  1:40  Drone  
  20  1:50  Drone  
  21  2:00  Queen  
  23  2:01  Queen  
  23  2:02  Drone x2  
  27  2:11  Overlord  
  27  2:12  Drone  
  28  2:16  Metabolic Boost  
  28  2:33  Zergling x2  
  28  2:34  Zergling x2  
  28  2:36  Drone  
  31  2:37  Hatchery  
  31  2:42  Queen  
  32  2:45  Drone  
  32  2:48  Overlord  
  34  2:51  Drone  
  34  2:57  Drone x2  
  36  3:06  Queen  
  36  3:11  Overlord  
  38  3:13  Drone x3  
  38  3:19  Overlord  
  41  3:21  Drone x2  
  43  3:30  Drone  
  44  3:36  Queen  
  44  3:37  Spore Crawler, Drone  
  46  3:42  Drone x3  
  46  3:43  Drone  
  46  3:47  Drone x2  
  46  3:48  Overlord  
  52  3:52  Spore Crawler  
  52  3:53  Drone  
  52  3:55  Baneling Nest  
  52  3:59  Drone  
  51  4:05  Zergling x6  
  54  4:15  Zergling x10  
  59  4:17  Zergling x2  
  59  4:18  Zergling x6  
  59  4:21  Overlord  
  59  4:23  Zergling x2  
  64  4:27  Spore Crawler  
  64  4:31  Zergling x2  
  64  4:33  Overlord  
  64  4:36  Zergling x4  
  64  4:38  Overlord x2  
  66  4:44  Overlord  
  64  4:53  Extractor  
  64  4:54  Roach Warren  
  64  4:55  Zergling x10  
  64  4:56  Extractor  
  66  5:01  Zergling x4  
  66  5:05  Lair  
  66  5:06  Overlord  
  67  5:07  Drone  
  67  5:08  Drone  
  67  5:10  Drone  
  70  5:17  Queen x2  
  73  5:23  Baneling x5  
  73  5:26  Zergling x2  
  67  5:28  Zergling x4  
  67  5:29  Zergling x4  
  67  5:32  Zergling x4  
  67  5:40  Spore Crawler  
  63  5:43  Zergling x12  
  63  5:48  Drone x2  
  70  5:52  Zergling x4  
  70  5:56  Spore Crawler  
  71  6:00  Zergling x2  
  71  6:02  Zergling x4  
  71  6:05  Zergling x10  
  71  6:06  Zergling x2  
  76  6:12  Zergling x4  
  76  6:17  Baneling x6  
  78  6:18  Zergling x2  
  78  6:19  Zergling x2  
  78  6:23  Overlord x2  
  78  6:26  Overlord  
  78  6:30  Overlord  
  77  6:36  Overlord x2  
  70  6:52  Zergling x22  
  65  7:04  Queen x3  
  65  7:07  Roach  
  73  7:19  Roach x2  
  73  7:20  Roach  
  79  7:26  Roach x2  
  83  7:31  Roach x2  
  83  7:37  Baneling x3  
  87  7:38  Overlord  
  87  7:40  Pneumatized Carapace  
  87  7:43  Zergling x8  
  89  7:45  Drone  
  87  7:56  Zergling x10  
  90  8:01  Zergling x2  
  91  8:06  Ravager x3  
  91  8:07  Zergling x6  
  91  8:12  Overlord  
  97  8:13  Overlord  
  97  8:19  Overlord  
  93  8:23  Overlord  
  89  8:32  Ravager  
  90  8:41  Zergling x12  
  95  8:42  Ravager x2  
  95  8:43  Baneling  
  94  8:52  Zergling x2  
  94  8:55  Roach x3  
  87  9:01  Roach  
  79  9:12  Roach x2  
  79  9:15  Roach  
  79  9:16  Zergling x2  
  79  9:19  Zergling x6  
  79  9:20  Zergling x2  
  79  9:21  Baneling  
  83  9:24  Zergling x2  
  83  9:27  Roach  
  85  9:31  Roach  
  79  9:39  Roach  
  79  9:40  Zergling x2  
  79  9:42  Roach  
Show
View Real Time Build Order
Export as new Build Order

Creator Protoss - Winner!

Build Orders: 1 Gate Expand, Mass Phoenix 

Get SALT Encoding   

  12  0:00  Probe  
  13  0:12  Probe  
  14  0:20  Pylon  
  14  0:24  Probe  
  15  0:38  Probe (Chrono Boost)  
  15  0:40  Gateway  
  16  0:48  Probe (Chrono Boost), Assimilator  
  17  0:53  Probe (Chrono Boost)  
  18  1:04  Probe  
  19  1:16  Probe  
  20  1:23  Nexus  
  20  1:32  Cybernetics Core  
  20  1:35  Probe  
  21  1:40  Assimilator  
  21  1:47  Probe  
  21  1:50  Pylon  
  22  1:59  Probe  
  23  2:06  Adept (Chrono Boost)  
  23  2:11  Probe  
  26  2:16  Warp Gate  
  26  2:24  Probe  
  26  2:28  Stalker  
  26  2:29  Gateway  
  29  2:35  Probe (Chrono Boost)  
  29  2:36  Probe (Chrono Boost)  
  33  2:45  Probe x2 (Chrono Boost)  
  33  2:50  Probe x2 (Chrono Boost)  
  35  3:01  Probe  
  35  3:02  Probe  
  35  3:03  Adept  
  39  3:14  Probe x2  
  39  3:18  Pylon  
  41  3:26  Probe x2  
  43  3:31  Stargate  
  43  3:32  Stargate  
  43  3:37  Assimilator  
  43  3:38  Probe x2  
  45  3:45  Pylon  
  45  3:50  Probe x2, Pylon  
  45  3:53  Gateway  
  45  3:54  Assimilator  
  47  4:02  Probe x2  
  48  4:04  Zealot x2  
  53  4:14  Phoenix (Chrono Boost), Probe  
  53  4:15  Phoenix (Chrono Boost), Probe  
  59  4:21  Pylon  
  59  4:30  Phoenix (Chrono Boost)  
  59  4:31  Phoenix  
  59  4:36  Probe, Pylon  
  64  4:43  Zealot x2  
  68  4:55  Phoenix  
  68  4:56  Phoenix  
  68  4:57  Adept  
  74  5:10  Nexus  
  74  5:14  Sentry, Pylon  
  74  5:15  Probe  
  74  5:16  Probe  
  74  5:18  Zealot  
  46  5:21  Phoenix  
  80  5:23  Zealot  
  80  5:28  Phoenix  
  75  5:39  Zealot x2  
  75  5:40  Probe x2  
  75  5:44  Robotics Facility  
  75  5:47  Zealot  
  77  5:50  Oracle (Chrono Boost)  
  80  6:01  Zealot  
  76  6:06  Zealot, Oracle (Chrono Boost)  
  76  6:07  Zealot  
  76  6:08  Probe x2  
  83  6:19  Shield Battery  
  83  6:20  Probe x2  
  83  6:22  Sentry  
  83  6:24  Shield Battery  
  87  6:26  Probe (Chrono Boost)  
  87  6:27  Sentry  
  87  6:28  Sentry  
  87  6:32  Probe (Chrono Boost)  
  94  6:36  Immortal, Probe (Chrono Boost)  
  94  6:38  Probe (Chrono Boost)  
  98  6:47  Probe (Chrono Boost)  
  98  6:51  Zealot  
  98  6:52  Zealot x2  
  98  6:53  Probe x2  
  100  6:56  Probe  
  100  6:58  Pylon  
  100  7:00  Shield Battery, Phoenix  
  105  7:03  Oracle  
  105  7:06  Pylon  
  105  7:08  Robotics Bay  
  108  7:13  Probe  
  109  7:16  Probe x2, Pylon  
  109  7:17  Observer  
  109  7:20  Stalker  
  109  7:21  Stalker  
  116  7:25  Adept  
  116  7:27  Shield Battery  
  118  7:35  Pylon  
  118  7:37  Gateway, Forge  
  118  7:39  Twilight Council, Probe x2  
  118  7:40  Probe  
  121  7:47  Sentry, Stalker  
  125  7:53  Pylon  
  125  7:55  Colossus (Chrono Boost)  
  125  7:56  Assimilator  
  125  7:57  Assimilator, Pylon  
  131  8:06  Probe x2  
  131  8:08  Pylon  
  131  8:09  Pylon x2  
  131  8:11  Probe  
  134  8:14  Photon Cannon, Pylon  
  132  8:24  Photon Cannon, Stalker x3  
  138  8:28  Shield Battery  
  138  8:36  Colossus (Chrono Boost)  
  144  8:42  Zealot  
  144  8:45  Shield Battery  
  146  8:53  Stalker  
  137  8:55  Stalker  
  137  8:56  Stalker  
  133  9:03  Zealot  
  135  9:15  Colossus (Chrono Boost)  
  131  9:19  Stalker x3  
  131  9:21  Phoenix  
  131  9:23  Zealot  
  144  9:29  Gateway  
  144  9:30  Shield Battery  
  142  9:31  Gateway  
  142  9:32  Pylon  
  140  9:45  Stalker x4  
  129  10:01  Pylon  
Tags
 
Add a new tag
Caveats
  • Supply blocks, unpowered buildings, or Contaminate may cause inaccurate times.
  • Supply counts are checked every 10 seconds.